 Dungeon Crawl Stone Soup version 0.30-a0-121-gb27577e5d9 (webtiles) character file.

Game seed: 11407449954522424901

98 NinjaNoafa the Gusty (level 4, 0/33 HPs)
             Began as a Draconian Air Elementalist on Sept 14, 2022.
             Slain by a black bear (2 damage)
             ... on level 3 of the Dungeon.
             The game lasted 00:05:04 (3578 turns).

NinjaNoafa the Gusty (Draconian Air Elementalist)   Turns: 3578, Time: 00:05:05

Health: 0/33       AC:  5    Str: 11    XL:     4   Next: 44%
Magic:  14/17      EV: 11    Int: 17    God:
Gold:   70         SH:  0    Dex: 11    Spells: 8/9 levels left

rFire   . . .      SeeInvis .    d - +0 dagger
rCold   . . .      Faith    .    j - +0 buckler
rNeg    . . .      Spirit   .    (body armour unavailable)
rPois   .          Reflect  .    (helmet restricted)
rElec   .          Harm     .    (no cloak)
rCorr   +          Rampage  .    (no gloves)
Will    .....                    (no boots)
Stlth   +.........               (no amulet)
HPRegen 0.11/turn                h - ring of resist corrosion
MPRegen 0.15/turn                l - ring of magical power

@: confused, ambrosia-drunk, hasted, very quick
A: AC +5, unfitting armour, cold-blooded
a: no special abilities


You were on level 3 of the Dungeon.
You visited 1 branch of the dungeon, and saw 3 of its levels.

You collected 70 gold pieces.

Inventory:

Hand Weapons
 d - a +0 dagger (weapon)
Missiles
 e - 4 boomerangs
 f - 32 stones
Armour
 j - a +0 buckler (worn)
Jewellery
 a - a ring of ice
 h - a ring of resist corrosion (left hand)
 l - a ring of magical power (right hand)
Scrolls
 b - 3 scrolls of identify {unknown}
 i - a scroll of enchant armour {unknown}
 k - a scroll of brand weapon {unknown}
Potions
 c - a potion of haste
 m - a potion of curing {unknown}


   Skills:
 - Level 1.7 Dodging
 - Level 1.7 Stealth
 - Level 3.0 Spellcasting
 + Level 2.5 Conjurations
 + Level 3.9 Air Magic


You had 8 spell levels left.
You knew the following spells:

 Your Spells              Type           Power      Damage    Failure   Level
a - Shock                 Conj/Air       52%        1d6       6%          1

Your spell library contained the following spells:

 Spells                   Type           Power      Damage    Failure   Level
 Static Discharge         Conj/Air       26%        3-5/arc   10%         2
 Swiftness                Air            15%        N/A       14%         3
 Airstrike                Air            7%         2d(2-18)  43%         4
 Ozocubu's Armour         Ice            2%         N/A       56%         3
 Portal Projectile        Hex/Tloc       4%         N/A       56%         3
 Tukima's Dance           Hex            2%         N/A       56%         3
 Blade Hands              Tmut           1%         N/A       100%        5
 Ozocubu's Refrigeration  Ice            1%         4d7       100%        7


Dungeon Overview and Level Annotations

Branches:
Dungeon (3/15)

Altars:
Okawaru

Shops:
D:1 ?


Innate Abilities, Weirdness & Mutations

Your plain brown scales are hard. (AC +5)
You cannot fit into any form of body armour.
You are cold-blooded and may be slowed by cold attacks.


Message History

Unknown command.
Unknown command.
Unknown command.
The zap hits the black bear.
The black bear is lightly wounded.
You miscast Shock.
You are very lightly contaminated with residual magic.
Nothing appears to happen.
The zap hits the black bear.
The black bear is lightly wounded.
The zap hits the black bear.
The black bear is moderately wounded.
The black bear bites you. The black bear claws you.
The black bear claws you but does no damage.
The black bear attacks as you move away!
The black bear barely misses you. The black bear claws you. x2
The zap hits the black bear.
The black bear is heavily wounded.
You block the black bear's attack. The black bear closely misses you.
The black bear claws you but does no damage.
Your magical contamination has completely faded away.
The zap hits the black bear.
The black bear is severely wounded.
The black bear bites you.
The black bear claws you but does no damage.
The black bear closely misses you.
The zap hits the black bear.
The black bear is almost dead.
The black bear bites you. The black bear claws you. x2
You are too injured to fight recklessly!
It was a potion of haste.
You feel yourself speed up.
You hear the rapid rusting of a drain very nearby.
The black bear goes berserk!
It was a potion of ambrosia.
You are confused.
You feel invigorated. The black bear bites you!
* * * LOW HITPOINT WARNING * * *
The black bear claws you but does no damage.
The black bear claws you.
You die...

#......... #........#
#........##. #<.........
##############..........
##.....#.....##.......#
##.............#.......#
#......................#
#..>............@h.....#
................######......#
#...............# .....$#
.....>..........# ......#
##.............## ......#
#.<.....#.....## ......#
..############# ......#
......#### ###...#
###.#....###


You could see a black bear (berserk).

Vanquished Creatures
  An orc wizard (D:3)
  A worm (D:2)
  A dart slug (D:1)
  2 orcs (D:3)
  3 ball pythons
  9 endoplasms
  A giant cockroach (D:1)
  A goblin (D:1)
  7 hobgoblins
  7 jackals
  4 kobolds
  3 quokkas
  5 bats
  5 frilled lizards
  11 rats
61 creatures vanquished.

Notes
Turn   | Place    | Note
-------+----------+-------------------------------------------
     0 | D:1      | NinjaNoafa the Draconian Air Elementalist began the quest
                  | for the Orb.
     0 | D:1      | Reached XP level 1. HP: 14/14 MP: 3/3
   387 | D:1      | Reached XP level 2. HP: 17/20 MP: 0/5
  1468 | D:1      | Found Risemaj's Magic Scroll Boutique.
  1580 | D:1      | Reached XP level 3. HP: 26/26 MP: 4/7
  2130 | D:2      | Found an iron altar of Okawaru.
  3197 | D:3      | Noticed a black bear
  3297 | D:3      | Reached XP level 4. HP: 25/33 MP: 0/8
  3578 | D:3      | Slain by a black bear

Illustrated notes

Levels and vault maps discovered:
D:1:      doesnt_arrival_eight_statues, layout_basic, serial_shops, shop,
          hex_medium
D:2:      layout_loops_ring, basic_altar
D:3:      layout_rooms, portal_sewer_entry_d, hangedman_decor_opposing,
          grunt_decor_junction, kennysheep_generic_room_5

Skill      XL: |  1  2  3 |
---------------+----------+-----
Spellcasting   | 3 |  3.0
Conjurations   | 2 |  2.5
Dodging        | |  1.7
Stealth        | |  1.7
Air Magic      | |  3.9

Action                   |  1- 3 |  4- 6 || total
-------------------------+-------+-------++-------
Melee: Unarmed           |     7 |       ||     7
       Dagger            |    28 |       ||    28
       Tailslap          |     4 |       ||     4
 Cast: Shock             |   124 |    13 ||   137
  Use: Potion            |     1 |     2 ||     3
Armor: Skin              |    23 |     4 ||    27
Dodge: Dodged            |    48 |     6 ||    54
Block: Buckler           |     2 |     1 ||     3

Table legend: (Time is in decaauts)
 A = Elapsed time spent in this place.
 B = Non-inter-level travel time spent in this place.
 C = Inter-level travel time spent in this place.
 D = Time resting spent in this place.
 E = Time spent auto-exploring this place.
 F = Levels seen in this place.
 G = Mean time per level.
                   A        B        C        D        E       F      G
               +--------+--------+--------+--------+--------+-----+--------+
         Total |   3583 |   3493 |     90 |      0 |   3084 |   3 | 1194.3 |
       Dungeon |   3583 |   3493 |     90 |      0 |   3084 |   3 | 1194.3 |
               +--------+--------+--------+--------+--------+-----+--------+

Top non-repeatable levels by time:
     D:1: 1718 daAuts
     D:2: 1322 daAuts
     D:3: 542 daAuts
